 Dungeon Crawl Stone Soup version 0.31-a0-339-gda1cbd555d (webtiles) character file.

Game seed: 6333730475132948584

4135 gruber the Fighter (level 10, 0/110 HPs)
             Began as an Ogre Shapeshifter on July 20, 2023.
             Was a Follower of Uskayaw.
             Succumbed to a killer bee's poison
             ... on level 8 of the Dungeon.
             The game lasted 00:11:19 (9506 turns).

gruber the Fighter (Ogre Shapeshifter)              Turns: 9506, Time: 00:11:19

Health: 0/110      AC:  3    Str: 25    XL:     10   Next: 27%
Magic:  10/10      EV: 14    Int:  9    God:    Uskayaw [*.....]
Gold:   475        SH:  0    Dex: 15    Spells: 9/9 levels left

rFire   . .          .
                       - Unarmed
rCold   . . .        (no shield)
rNeg    + . .        a - +0 animal skin
rPois   .            (helmet currently unavailable)
rElec   .            F - melded +1 cloak
rCorr   .            (gloves unavailable)
SInv    .            (boots unavailable)
Will    +....        l - amulet of magic regeneration
Stlth   +            q - ring of positive energy
HPRegen 0.38/turn    p - +6 ring of dexterity
MPRegen 0.52/turn

%: no passive effects
@: lethally poisoned (0 -> -7), beast-form
A: beast (slay +2), large, unfitting armour, tough skin 1
a: Begin Untransformation, Renounce Religion, Stomp


You were on level 8 of the Dungeon.
You worshipped Uskayaw.
Uskayaw was noncommittal.
You were a hulking beast.
You visited 2 branches of the dungeon, and saw 10 of its levels.
You also visited: Sewer.

You collected 475 gold pieces.

Inventory:

Missiles
 r - a poisoned dart (quivered)
 K - a curare-tipped dart
Armour
 a - a +0 animal skin (worn)
 F - a +1 cloak (melded)
Jewellery
 e - a ring of magical power
 l - an amulet of magic regeneration (around neck)
 p - a +6 ring of dexterity (right hand)
 q - a ring of positive energy (left hand)
 s - a +6 ring of intelligence
 x - a +6 ring of intelligence
 L - a ring of fire
Talismans
 c - a beast talisman
Wands
 A - a wand of flame (26)
 H - a wand of iceblast (7)
Scrolls
 d - 5 scrolls of immolation {unknown}
 f - 2 scrolls of poison {unknown}
 h - 9 scrolls of identify {unknown}
 i - a scroll of fog {unknown}
 k - a scroll of amnesia {unknown}
 m - 2 scrolls of torment {unknown}
 n - a scroll of fear {unknown}
 u - 2 scrolls of enchant weapon {unknown}
 y - 2 scrolls of blinking {unknown}
 D - 3 scrolls of noise {unknown}
 E - 3 scrolls of teleportation {unknown}
 J - a scroll of revelation {unknown}
Potions
 b - 2 potions of lignification
 g - 3 potions of curing
 j - 2 potions of might {unknown}
 o - 3 potions of ambrosia {unknown}
 t - 2 potions of enlightenment {unknown}
 v - a potion of invisibility {unknown}
 w - a potion of heal wounds {unknown}
 z - 2 potions of haste {unknown}
 B - 2 potions of attraction {unknown}
 C - 2 potions of resistance {unknown}
 I - a potion of brilliance {unknown}


   Skills:
 - Level 10.0 Fighting
 * Level 9.5 Dodging
 - Level 7.2 Unarmed Combat
 - Level 3.0 Shapeshifting


You had 9 spell levels left.
You didn't know any spells.
Your spell library contained the following spells:

 Spells                   Type           Power      Damage    Failure   Level
 Summon Small Mammal      Summ           0%         N/A       38%         1
 Call Canine Familiar     Summ           0%         N/A       77%         3
 Summon Guardian Golem    Hex/Summ       0%         N/A       77%         3
 Vhi's Electric Charge    Tloc/Air       0%         N/A       77%         3
 Arcjolt                  Conj/Air       0%         1d10      100%        5
 Plasma Beam              Fire/Air       0%         2x1d10    100%        6


Dungeon Overview and Level Annotations

Branches:
Dungeon (9/15)             Temple (1/1) D:5             Orc (0/2) D:9
  Sewer (visited)
   Lair: D:8-11

Altars:
Ashenzari
Cheibriados
Dithmenos
Elyvilon
Gozag
Hepliaklqana
Kikubaaqudgha
Makhleb
Nemelex Xobeh
Okawaru
Qazlal
Ru
Sif Muna
Trog
Uskayaw
Vehumet
Wu Jian
Xom
Yredelemnul
Zin
The Shining One

Shops:
D:1 !   D:6 =   D:8 ![


Innate Abilities, Weirdness & Mutations

You are a hulking beast.
Your limbs bulge with bestial killing power. (Slay +2)
You are too large for most types of armour.
You have tough skin. (AC +1)


Message History

The killer bee attacks as you move away!
The killer bee stings you.
* * * LOW HITPOINT WARNING * * *
You feel very sick. The killer bee stings you.
* * * LOW HITPOINT WARNING * * *
The killer bee attacks as you move away!
The killer bee barely misses you.
You feel very sick. The killer bee barely misses you.
There is a stone staircase leading up here.
You feel sick. The killer bee stings you.
* * * LOW HITPOINT WARNING * * *
The killer bee stings you!
* * * LOW HITPOINT WARNING * * *
You climb upwards.
* * * LOW HITPOINT WARNING * * *
You feel sick.
There is a stone staircase leading down here.
Unknown command.
Unknown command.
You punch the killer bee!
The killer bee is heavily wounded.
You feel sick.
The killer bee stings you but does no damage.
The killer bee misses you.
You hit the killer bee.
You punch the killer bee, but do no damage.
The killer bee is severely wounded.
You feel sick. The killer bee stings you.
* * * LOW HITPOINT WARNING * * *
You are more poisoned.
The killer bee poisons you!
You miss the killer bee.
The killer bee is severely wounded.
* * * LOW HITPOINT WARNING * * *
You feel sick. The killer bee barely misses you. The killer bee misses you.
You punch the killer bee!
You kill the killer bee!
You die...

.............#.####.#
......######.#.# #.#
......#§§≈≈#.#.# #.#
......#§§>§#.#.# #.#
#####.#§§.≈#.#.# #.###
#.#§§≈≈'...####...####
#.######.............#
#....................#
#####.##....h........#
#........†.......#
####.............#
#...........(.#
#.............#
#.............#
#.............#
#.............#
#.............#


There were no monsters in sight!

Vanquished Creatures
  A two-headed ogre (D:8)
  Psyche (D:8)
  Grinder (Sewer)
  A hornet (D:8)
  2 steam dragons
  3 water moccasins
  A black bear (D:6)
  2 sky beasts
  An ice beast (D:8)
  2 centaurs
  3 kobold brigands
  2 bullfrogs
  2 gnoll sergeants (D:7)
  A scorpion (D:5)
  3 wights (D:7)
  A killer bee (D:8)
  3 howler monkeys
  A quasit (Sewer)
  4 hounds
  2 jellies
  A gnoll bouda (D:8)
  4 orc priests
  Natasha (thrice) (D:3)
  3 iguanas
  7 orc wizards
  15 gnolls
  4 adders
  4 shadow imps
  4 white imps
  9 ufetubi (Sewer)
  3 dart slugs
  20 orcs
  8 ball pythons
  3 bats
  A bat zombie (Sewer)
  8 endoplasms
  5 giant cockroaches
  10 goblins
  7 hobgoblins
  11 jackals
  13 kobolds
  4 quokkas
  9 frilled lizards
  A rat (D:3)
194 creatures vanquished.

Vanquished Creatures (others)
  A wizard (D:7)
  An endoplasm (Sewer)
2 creatures vanquished.

Grand Total: 196 creatures vanquished

Notes
Turn   | Place    | Note
-------+----------+-------------------------------------------
     0 | D:1      | gruber the Ogre Shapeshifter began the quest for the Orb.
     0 | D:1      | Reached XP level 1. HP: 19/19 MP: 1/1
    86 | D:1      | Found Zuut Gau's Distillery.
    91 | D:1      | Reached XP level 2. HP: 27/27 MP: 2/2
   448 | D:1      | Reached XP level 3. HP: 33/33 MP: 3/3
   606 | D:1      | You fall into a shaft and drop 1 floor!
   639 | D:2      | Found a glowing golden altar of the Shining One.
  1202 | D:2      | Reached XP level 4. HP: 36/41 MP: 4/4
  1844 | D:3      | Found a glowing drain.
  1880 | Sewer    | Entered a sewer
  1919 | Sewer    | Reached skill level 5 in Unarmed Combat
  2061 | Sewer    | Reached XP level 5. HP: 47/48 MP: 5/5
  2124 | Sewer    | Noticed a kobold brigand
  2125 | Sewer    | Found a burning altar of Makhleb.
  2141 | Sewer    | Killed a kobold brigand
  2148 | Sewer    | Noticed Grinder
  2155 | Sewer    | Reached XP level 6. HP: 14/55 MP: 6/6
  2170 | Sewer    | Killed Grinder
  2189 | Sewer    | HP: 2/55 [kobold brigand/+0 whip (7)]
  2192 | Sewer    | Reached XP level 7. HP: 16/62 MP: 7/7
  2760 | D:3      | Reached skill level 2 in Fighting
  2768 | D:3      | Reached skill level 3 in Fighting
  2938 | D:3      | Noticed Natasha
  2948 | D:3      | Killed Natasha
  3042 | D:3      | Found a faded altar of an unknown god.
  3116 | D:3      | Noticed Natasha
  3136 | D:3      | Killed Natasha
  3137 | D:3      | Reached skill level 4 in Fighting
  3269 | D:3      | Noticed Natasha
  3274 | D:3      | Killed Natasha
  3640 | D:4      | Found an ancient bone altar of Kikubaaqudgha.
  3642 | D:4      | Found a sacrificial altar of Ru.
  3739 | D:4      | Reached skill level 5 in Fighting
  4062 | D:5      | Entered Level 5 of the Dungeon
  4073 | D:5      | Found a staircase to the Ecumenical Temple.
  4122 | D:5      | Found a white marble altar of Elyvilon.
  4149 | D:5      | Reached skill level 6 in Fighting
  4149 | D:5      | Reached XP level 8. HP: 72/84 MP: 8/8
  5091 | Temple   | Entered the Ecumenical Temple
  5100 | Temple   | Became a worshipper of Uskayaw the Reveller
  5137 | D:5      | Reached * piety under Uskayaw
  5141 | D:5      | Reached ** piety under Uskayaw
  5176 | D:5      | Reached skill level 7 in Fighting
  5284 | D:6      | Reached skill level 8 in Fighting
  5286 | D:6      | Reached *** piety under Uskayaw
  5587 | D:6      | Reached **** piety under Uskayaw
  5594 | D:6      | Reached skill level 9 in Fighting
  5596 | D:6      | Reached ***** piety under Uskayaw
  5612 | D:6      | Reached ****** piety under Uskayaw
  5850 | D:6      | Found Roocaph's Jewellery Shoppe.
  6060 | D:6      | Reached skill level 10 in Fighting
  6690 | D:7      | Found a bloodstained altar of Trog.
  6717 | D:7      | Noticed a wizard
  6722 | D:7      | Killed a wizard
  6793 | D:7      | Reached XP level 9. HP: 83/101 MP: 9/9
  7168 | D:7      | Reached skill level 5 in Dodging
  7579 | D:7      | Found a shimmering blue altar of Sif Muna.
  7792 | D:7      | Found a shadowy altar of Dithmenos.
  8293 | D:8      | Found a snail-covered altar of Cheibriados.
  8311 | D:8      | Found Dearuogg's Distillery.
  8488 | D:8      | Noticed Psyche
  8504 | D:8      | Killed Psyche
  8606 | D:8      | Found Pottu Agh's Armour Shop.
  8814 | D:8      | Noticed a hornet
  8853 | D:8      | Paralysed by a hornet for 3 turns
  8860 | D:8      | Killed a hornet
  8861 | D:8      | Reached XP level 10. HP: 8/110 MP: 10/10
  9271 | D:9      | Noticed a two-headed ogre
  9271 | D:9      | Found a staircase to the Orcish Mines.
  9282 | D:8      | Killed a two-headed ogre
  9503 | D:8      | HP: 5/110 [poisoned by a killer bee]
  9505 | D:8      | HP: 2/110 [poisoned by a killer bee]
  9506 | D:8      | Succumbed to a killer bee's poison

Illustrated notes

Levels and vault maps discovered:
D:1:      giann_wishing_wells, layout_basic, serial_shops,
          nicolae_shop_industrial_runoff, hangedman_glass_teeth, st_stairs_13
D:2:      layout_loops_cross, basic_altar, minmay_lizard_king
D:3:      layout_loops_ring, dreamdust_ecumenical_altar_grove,
          cheibrodos_sewer_entry_drain, chequers_serial_rivers_marsh,
          uniq_natasha
D:4:      layout_rooms, chequers_temple_overflow_statue_of_worship
D:5:      layout_basic, mainiacjoe_overflow_paths, minmay_temple_entry_waves,
          hangedman_abyss_or_decor_stabs
D:6:      layout_loops_ring, serial_shops, nicolae_shop_pleasant_corner_grove,
          grunt_ministairs_7
D:7:      layout_gridville, trog_wizard, tgw_sif,
          nicolae_dithmenos_shadow_blocks
D:8:      layout_basic, general_overflow_altar, nicolae_inconvenience_store,
          minmay_shop_grid_forest, uniq_psyche
D:9:      layout_rooms, erik_lair_island, enter_bailey_4
Temple:   nicolae_temple_ecumenical_triangle

Skill      XL: |  1  2  3  4  5  6  7  8  9 10 |
---------------+-------------------------------+-----
Unarmed Combat | 3 4 5 7 |  7.2
Fighting       | 6 10 | 10.0
Dodging        | 3 8 9 |  9.5
Shapeshifting  | |  3.0

Action                     |  1- 3 |  4- 6 |  7- 9 | 10-12 || total
---------------------------+-------+-------+-------+-------++-------
  Melee: Unarmed           |   102 |   111 |   322 |    30 ||   565
         Punch             |     4 |     4 |    14 |     2 ||    24
  Throw: Dart              |       |       |    48 |       ||    48
  Evoke: Wand              |       |       |     3 |       ||     3
    Use: Potion            |       |     2 |       |       ||     2
   Stab: Sleeping          |     1 |       |     1 |       ||     2
         Paralysed         |       |       |     6 |     5 ||    11
 Armour: Animal skin       |    20 |    24 |    48 |     6 ||    98
         Skin              |       |    66 |       |       ||    66
  Dodge: Dodged            |    35 |    58 |   137 |    33 ||   263
         Form:             |       |       |     1 |       ||     1
         Beast             |       |       |     1 |       ||     1

Table legend: (Time is in decaauts)
 A = Elapsed time spent in this place.
 B = Non-inter-level travel time spent in this place.
 C = Inter-level travel time spent in this place.
 D = Time resting spent in this place.
 E = Time spent auto-exploring this place.
 F = Levels seen in this place.
 G = Mean time per level.
                   A        B        C        D        E       F      G
               +--------+--------+--------+--------+--------+-----+--------+
         Total |   9448 |   9007 |    441 |    308 |   7349 |  11 |  858.9 |
       Dungeon |   8828 |   8397 |    431 |    308 |   6932 |   9 |  980.9 |
        Temple |     18 |      9 |      9 |      0 |      0 |   1 |   18.0 |
         Sewer |    601 |    601 |      0 |      0 |    417 |   1 |  601.0 |
               +--------+--------+--------+--------+--------+-----+--------+

Top non-repeatable levels by time:
     D:8: 1513 daAuts
     D:7: 1459 daAuts
     D:6: 1259 daAuts
     D:5: 1116 daAuts
     D:2: 1067 daAuts
     D:3: 1050 daAuts
     D:1: 712 daAuts
   Sewer: 601 daAuts
     D:4: 597 daAuts
     D:9: 52 daAuts
  Temple: 18 daAuts
